 Dungeon Crawl Stone Soup version 0.31-a0-868-g674d60d6f7 (webtiles) character file.

Game seed: 12143414217009853647

116 freelancePsychic the Stinger (level 4, -2/33 HPs)
             Began as a Demonspawn Wanderer on Oct 11, 2023.
             Killed by divine providence
             ... invoked by an orc priest
              (11 damage)
             ... on level 3 of the Dungeon.
             The game lasted 00:04:02 (3073 turns).

freelancePsychic the Stinger (Demonspawn Wanderer)  Turns: 3073, Time: 00:04:03

Health: -2/33      AC:  6    Str: 10    XL:     4   Next: 70%
Magic:  2/7        EV: 10    Int: 17    God:
Gold:   96         SH:  0    Dex: 19    Spells: 1/7 levels left

rFire   . . .        g - staff of poison
rCold   . . .        (no shield)
rNeg    . . .        n - +0 leather armour
rPois   +            (no helmet)
rElec   .            j - +0 cloak
rCorr   .            (no gloves)
SInv    +            (no boots)
Will    .....        (no amulet)
Stlth   +            k - +6 ring of dexterity
HPRegen 0.25/turn    f - ring of see invisible
MPRegen 0.10/turn

%: no passive effects
@: no status effects
A: thin metallic scales 1
a: no special abilities


You were on level 3 of the Dungeon.
You visited 1 branch of the dungeon, and saw 3 of its levels.

You collected 96 gold pieces.

Inventory:

Hand Weapons
 a - a +0 falchion
 i - a +1 dagger of draining
Armour
 d - a +0 robe
 j - a +0 cloak (worn)
 n - a +0 leather armour (worn)
 r - an orb of mayhem
Magical Staves
 g - a staff of poison (weapon)
Jewellery
 f - a ring of see invisible (right hand)
 k - a +6 ring of dexterity (left hand)
Wands
 b - a wand of polymorph (4)
Scrolls
 c - a scroll of blinking
 l - a scroll of teleportation {@r4}
 p - a scroll of vulnerability
Potions
 e - 3 potions of attraction
 h - a potion of berserk rage {unknown}
 m - a potion of mutation {unknown}
 o - a potion of curing {unknown}
 q - 3 potions of might {unknown}


   Skills:
 + Level 2.1 Fighting
 - Level 1.0 Long Blades
 - Level 1.0 Armour
 - Level 2.0 Spellcasting
 + Level 1.4 Transmutations
 + Level 1.3 Fire Magic
 - Level 1.8 Air Magic
 + Level 3.5 Poison Magic
 - Level 2.0 Evocations


You had one spell level left.
You knew the following spells:

 Your Spells              Type           Power      Damage    Failure   Level
a - Sting                 Tmut/Pois      60%        1d6       10%         1
b - Poisonous Vapours     Pois/Air       32%        N/A       13%         2
c - Ignite Poison         Fire/Tmut/Pois 13%        N/A       32%         3

Your spell library contained the following spells:

 Spells                   Type           Power      Damage    Failure   Level
 Shock                    Conj/Air       16%        1d4       19%         1
 Passwall                 Tmut/Erth      3%         N/A       30%         2
 Ensorcelled Hibernation  Hex/Ice        2%         N/A       36%         2
 Swiftness                Air            8%         N/A       36%         3
 Volatile Blastmotes      Fire/Tloc      8%         2d10      52%         3
 Dazzling Flash           Conj/Hex       2%         N/A       61%         3
 Airstrike                Air            4%         2d(1-17)  77%         4
 Sticky Flame             Conj/Fire      4%         2d3       89%         4
 Starburst                Conj/Fire      2%         6d3       100%        6
 Ignition                 Fire           3%         3d4       100%        8
 Maxwell's Capacitive Co  Air            4%         ∞         100%        8
 Chain Lightning          Conj/Air       2%         3d2       100%        9
 Fire Storm               Conj/Fire      2%         8d1       100%        9
 Shatter                  Erth           0%         3d5*      100%        9


Dungeon Overview and Level Annotations

Branches:
Dungeon (3/15)

Altars:


Innate Abilities, Weirdness & Mutations

You are partially covered in thin metallic scales. (AC +2)


Message History

A kobold comes into view. It is wielding a +3 short sword.
Something hits the bush but does no damage.
Something hits the bush.
A kobold is nearby!
You feel a surge of power!
You miscast Poisonous Vapours.
You are very lightly contaminated with residual magic.
Nothing appears to happen.
You feel a surge of power!
You miscast Poisonous Vapours.
Nothing appears to happen.
An orc comes into view.
It is wielding a +0 whip and wearing a +1 ring mail of cold resistance.
The kobold throws a stone.
The stone hits you but does no damage.
You hit the kobold.
You envenom the kobold.
You kill the kobold!
No target in view!
An orc priest comes into view. It is wielding a +0 hand axe.
Things that are here:
a +3 short sword; 2 stones; a kobold corpse You hit the orc.
The orc is lightly wounded.
The orc priest hits the bush but does no damage.
The orc closely misses you. The orc barely misses you.
An orc comes into view. It is wielding a +0 mace.
The orc shouts!
Things that are here:
a +3 short sword; 2 stones; a kobold corpse The orc attacks as it pursues you!
The orc closely misses you.
You hit the orc but do no damage.
The orc is lightly wounded.
The orc barely misses you.
Your magical contamination has completely faded away.
The orc attacks as it pursues you! The orc hits you with a +0 whip.
The orc priest invokes the aid of Beogh against you.
Beogh smites you! The orc attacks as it pursues you!
The orc hits you with a +0 whip.
There is a stone staircase leading down, spattered with blood here.
The orc hits you with a +0 whip.
* * * LOW HITPOINT WARNING * * *
The orc priest invokes the aid of Beogh against you.
Beogh smites you!
You die...

..#.# #.# #.# .##.# #.#
#.# )##.######## #.# #.#
.##...>....## #.### #.#
.##...###[.<#####...# #.#
......# #.#.......#.#
###.### #####.#
#...#####.#.# #.....#
#.####### ###.#.###.....#
#.#...# #.@...........#
#...#.#####o#.#.###.....#
###....)......#.# #.....#
##............# ###.#.#
#.######o##### #.#.# #.#
#o### ####.#.# #.# #...#
#....#.# #.# #.#.#
#.####.# #.# #♣♣)# #.#
#.#


You could see an orc priest and 2 orcs.

Vanquished Creatures
  An orc priest (D:3)
  Natasha (D:2)
  An adder (D:2)
  A worm (D:2)
  A dart slug (D:2)
  3 orcs
  2 bats
  5 endoplasms
  A giant cockroach (D:2)
  6 goblins
  2 hobgoblins (D:1)
  7 kobolds
  4 quokkas
  A ball python (D:2)
  2 frilled lizards (D:2)
  4 rats
42 creatures vanquished.

Notes
Turn   | Place    | Note
-------+----------+-------------------------------------------
     0 | D:1      | freelancePsychic the Demonspawn Wanderer began the quest
                  | for the Orb.
     0 | D:1      | freelancePsychic set off with the following items: a +0
                  | falchion, a wand of polymorph (4), a scroll of blinking, a
                  | +0 robe; and the following spell memorised: Sting; and the
                  | following spells available to memorise: Poisonous Vapours,
                  | Ignite Poison.
     0 | D:1      | Reached XP level 1. HP: 15/15 MP: 3/3
     6 | D:1      | Noticed a killer bee
     6 | D:1      | Noticed a swamp worm
     6 | D:1      | Noticed a hog
     7 | D:1      | Noticed a four-headed hydra
     7 | D:1      | Noticed a black bear
   535 | D:1      | Gained mutation: You are partially covered in thin metallic
                  | scales. (AC +2) [demonic ancestry]
   535 | D:1      | Reached XP level 2. HP: 8/16 MP: 0/5
  1300 | D:2      | Identified a scroll of acquirement
  1300 | D:2      | Acquired a staff of poison
  1306 | D:2      | Reached skill level 1 in Air Magic
  1355 | D:2      | Found a faded altar of an unknown god.
  1359 | D:2      | Learned a level 2 spell: Poisonous Vapours
  1624 | D:2      | Reached XP level 3. HP: 22/24 MP: 6/6
  1833 | D:2      | Reached skill level 1 in Transmutations
  2099 | D:2      | Noticed Natasha
  2115 | D:2      | Killed Natasha
  2116 | D:2      | Reached skill level 1 in Fire Magic
  2116 | D:2      | Reached XP level 4. HP: 31/33 MP: 1/7
  2289 | D:2      | Learned a level 3 spell: Ignite Poison
  3073 | D:3      | Killed from afar by an orc priest

Illustrated notes

Levels and vault maps discovered:
D:1:      onia_arrival_zoo_common, layout_basic, chequers_arboretum
D:2:      layout_basic, ebering_ecumenical_altar_box, minmay_cut_off,
          uniq_natasha
D:3:      layout_loops_ring, serial_forest, infiniplex_forest_join,
          infiniplex_forest_split, infiniplex_forest_zigzag_1,
          infiniplex_forest_end_3, infiniplex_forest_zigzag_1,
          infiniplex_forest_straight_3, infiniplex_forest_corner_1

Skill      XL: |  1  2  3  4 |
---------------+-------------+-----
Air Magic      | 1 |  1.8
Transmutations | 1 |  1.4
Fire Magic     | 1 |  1.3
Fighting       | 2 |  2.1
Long Blades    | |  1.0
Armour         | |  1.0
Spellcasting   | |  2.0
Poison Magic   | |  3.5
Evocations     | |  2.0

Action                     |  1- 3 |  4- 6 || total
---------------------------+-------+-------++-------
  Melee: Falchion          |     6 |       ||     6
         Punch             |     2 |       ||     2
         Staff             |    32 |    19 ||    51
         Dagger            |     7 |       ||     7
   Cast: Sting             |    30 |     5 ||    35
         Poisonous Vapours |    16 |    14 ||    30
    Use: Scroll            |     6 |       ||     6
         Potion            |     1 |       ||     1
 Armour: Robe              |    39 |    13 ||    52
         Leather armour    |       |     4 ||     4
  Dodge: Dodged            |    29 |    13 ||    42

Table legend: (Time is in decaauts)
 A = Elapsed time spent in this place.
 B = Non-inter-level travel time spent in this place.
 C = Inter-level travel time spent in this place.
 D = Time resting spent in this place.
 E = Time spent auto-exploring this place.
 F = Levels seen in this place.
 G = Mean time per level.
                   A        B        C        D        E       F      G
               +--------+--------+--------+--------+--------+-----+--------+
         Total |   3082 |   2999 |     83 |      0 |   2622 |   3 | 1027.3 |
       Dungeon |   3082 |   2999 |     83 |      0 |   2622 |   3 | 1027.3 |
               +--------+--------+--------+--------+--------+-----+--------+

Top non-repeatable levels by time:
     D:1: 1300 daAuts
     D:2: 1045 daAuts
     D:3: 737 daAuts
